 Dungeon Sprint DCSS version 0.31-a0-986-g5e6e4ef867 (webtiles) character file.

Game seed: 48542776778101415

28000000 Monkooky the Wishgranter (level 27, -10/228 HPs)
             Began as a Djinni Warper on Nov 23, 2023.
             Was the Champion of Makhleb.
             Killed from afar by a vile (29 damage)
             ... with damnation
             ... in the Dungeon (Sprint VIII: "Arena of Blood").
             The game lasted 00:13:19 (280 turns).

Monkooky the Wishgranter (Djinni Warper)             Turns: 280, Time: 00:13:20

Health: -10/228    AC:  6    Str: 10    XL:     27
Gold:   0          EV: 28    Int: 25    God:    Makhleb [******] SH:  0 Dex: 17

rFire   + + +        i - +∞ Axe of Woe
rCold   x . .        (shield currently unavailable)
rNeg    . . .        b - +0 leather armour
rPois   ∞            (no helmet)
rElec   .            (no cloak)
rCorr   .            (no gloves)
SInv    +            (boots unavailable)
Will    ++...        (no amulet)
Stlth   +++          j - ring of see invisible
HPRegen 0.58/turn    o - ring of protection from fire
MPRegen 0.00/turn

%: no teleportation, infuse magic (-11 HP)
@: confused, calling dragons, flying, slowed, very slow
A: sickness immunity, fire resistance 2, cold vulnerability 1, float, innate
caster, HP casting, extra vitality 1
a: Renounce Religion, Minor Destruction, Lesser Servant of Makhleb, Major
Destruction, Greater Servant of Makhleb


You were in the Dungeon.
You worshipped Makhleb.
Makhleb was exalted by your worship.
You visited 1 branch

Inventory:

Hand Weapons
 a - a +0 hand axe
 i - the +∞ Axe of Woe (weapon)
   (You found it in the Dungeon)
Missiles
 d - 7 darts of dispersal (quivered)
Armour
 b - a +0 leather armour (worn)
Jewellery
 j - a ring of see invisible (left hand)
 k - a +200 ring of slaying
 l - a +200 ring of slaying
 m - a +30 ring of slaying
 n - a +30 ring of slaying
 o - a ring of protection from fire (right hand)
Scrolls
 c - 2 scrolls of blinking
Potions
 h - a potion of berserk rage


   Skills:
 O Level 27 Fighting
 O Level 27 Short Blades
 O Level 27 Long Blades
 O Level 27 Axes
 O Level 27 Maces & Flails
 O Level 27 Polearms
 O Level 27 Staves
 O Level 27 Ranged Weapons
 O Level 27 Throwing
 O Level 27 Armour
 O Level 27 Dodging
 O Level 27 Stealth
 O Level 27 Shields
 O Level 27 Unarmed Combat
 O Level 27 Spellcasting
 O Level 27 Conjurations
 O Level 27 Hexes
 O Level 27 Summonings
 O Level 27 Necromancy
 O Level 27 Translocations
 O Level 27 Transmutations
 O Level 27 Fire Magic
 O Level 27 Ice Magic
 O Level 27 Air Magic
 O Level 27 Earth Magic
 O Level 27 Poison Magic
 O Level 27 Invocations
 O Level 27 Evocations
 O Level 27 Shapeshifting


You knew the following spells:

 Your Spells              Type           Power      Damage    Failure   Level
a - Blink                 Tloc           100%       N/A       0%          2
b - Lesser Beckoning      Tloc           100%       N/A       0%          2
c - Teleport Other        Tloc           100%       N/A       0%          3
d - Manifold Assault      Tloc           100%       N/A       0%          4
e - Vhi's Electric Charg  Tloc/Air       100%       N/A       0%          4
f - Apportation           Tloc           100%       N/A       0%          1
g - Scorch                Fire           100%       2d9       0%          2
h - Static Discharge      Conj/Air       100%       3-8/arc   0%          2
i - Confusing Touch       Hex            100%       N/A       0%          3
j - Iskenderun's Mystic   Conj/Tloc      100%       2d19      0%          4
k - Fireball              Conj/Fire      53%        3d21      0%          5
l - Plasma Beam           Fire/Air       53%        2x1d68    0%          6
m - Malign Gateway        Summ/Tloc      53%        N/A       0%          7
n - Dispersal             Tloc           53%        N/A       0%          6
o - Summon Hydra          Summ           53%        N/A       0%          7
p - Borgnjor's Revivific  Necr           53%        N/A       1%          8
q - Ignition              Fire           53%        3d15      1%          8
r - Dragon's Call         Summ           53%        N/A       1%          9
Your spell library was empty.

Dungeon Overview and Level Annotations

Branches:
Dungeon (1/1)

Altars:
Makhleb


Innate Abilities, Weirdness & Mutations

You are immune to sickness and miasma.
You are immune to poison.
Your flesh is very heat resistant. (rF++)
You are vulnerable to cold. (rC-)
You float through the air rather than walking.
You learn spells naturally, not from books.
Your magical power is your life essence.
You have superior vitality. (+4 MHP)


Message History

The scourge convulses!
The scourge hisses angrily.
The scourge convulses!
Your body is wracked with pain!
* * * LOW HITPOINT WARNING * * *
The scourge convulses!
The scourge hisses angrily.
The bag of meat convulses!
The fleshlord convulses!
A vile comes into view. It is wielding a +0 dire flail.
A vile comes into view. It is wielding a +0 mace.
You barely resist.
A meat berserker comes into view. It is wielding a +9 battleaxe.
You hear a shout!
You hear an angry squeal.
You hear an angry hiss.
You hear a shout!
Search for what [? for help]? .
Too many matches; use a more specific search.
Search for what [Enter for "."]? orb Can't find anything matching that.
You hit the vile but do no damage.
You fatally mangle the vile.
You destroy the vile!
Makhleb accepts your kill.
You feel better. A dragon arrives to answer your call!
* * * LOW HITPOINT WARNING * * *
You hear a roar!
You hear a shout! x2
The scourge dies!
Some rock shatters into small pieces.
A tyrant comes into view.
A fleshlord comes into view. It is wielding a +9 great mace.
You are more confused.
The vile throws damnation at you.
The sphere of damnation explodes!
The damnation engulfs you!!
* * * LOW HITPOINT WARNING * * *
A vile comes into view. It is wielding a +0 flail.
The vile throws damnation at you.
The sphere of damnation explodes!
The damnation engulfs you!!
* * * LOW HITPOINT WARNING * * *
A scourge comes into view.
A destroyer comes into view. It is wielding a +9 heavy great sword.
The vile throws damnation at you.
The sphere of damnation explodes!
The damnation engulfs you!!
You die...

......)))..)).)).)####)....)...
#.....).)).)..)..))...)))......
.#...))).....)))))..).)..#))...
o.§.....).S...)).)..)))).)..†).
.......)...).))).).9†)..)#)...)
.....#.p))..9#†))...)))..)...).
.....#.L....9#....))))).)##..))
...###..D.O)).)#...)))...))....
.........##)9.@...).).))###....
......9S9o.).)))..)).)))...†..
......)9)9.=.))))))#)#))....).
......9)<)_#p.)..†..)....)....
.... #.9.†..)))...#.#.#.).
......D._..)))).†..).))
.....O###.9.......#.#) .###o.
)V.###.))9S . #.. ...#


You could see a tyrant (fast), an eight-headed meat hydra, a destroyer, 3
scourges, 2 fleshlords, 12 viles, 2 meat berserkers, a bag of meat and a
friendly iron dragon (summoned).

Vanquished Creatures
  34 molten gargoyles (D)
  42 hell knights (D)
  15 hell beasts (D)
  14 royal mummies (D)
  36 great orbs of eyes (D)
  36 wraiths (D)
  Harold (D)
  29 vampire knights (D)
  59 ogres (D)
  14 two-headed ogres (D)
  13 liches (D)
  36 hydras (D)
  26 phantoms (D)
  141 orcs (D)
  18 skeletal warriors (D)
  31 sea snakes (D)
545 creatures vanquished.

Vanquished Creatures (collateral kills)
  3 orcs (D)
3 creatures vanquished.

Vanquished Creatures (others)
  A hydra (D)
  A sea snake (D)
2 creatures vanquished.

Grand Total: 550 creatures vanquished

Notes
Turn   | Place    | Note
-------+----------+-------------------------------------------
     0 | D        | Found the +∞ Axe of Woe
     0 | D        | Monkooky the Djinni Warper began the quest for the Orb.
     0 | D        | Monkooky set off with the following spells memorised:
                  | Blink, Lesser Beckoning, Teleport Other, Manifold Assault,
                  | Vhi's Electric Charge.
     0 | D        | Reached XP level 1. HP: 18/18 MP: 0/0
     3 | D        | Noticed a bag of meat
     4 | D        | Became a worshipper of Makhleb the Destroyer
     5 | D        | Noticed a bag of meat
     7 | D        | Killed a bag of meat
     8 | D        | Reached XP level 2. HP: 23/23 MP: 0/0
     8 | D        | Reached XP level 3. HP: 28/28 MP: 0/0
     8 | D        | Learned a level 1 spell: Apportation
     8 | D        | Reached XP level 4. HP: 33/33 MP: 0/0
     8 | D        | Reached XP level 5. HP: 38/38 MP: 0/0
     8 | D        | Learned a level 2 spell: Scorch
     8 | D        | Reached XP level 6. HP: 43/43 MP: 0/0
     8 | D        | Reached XP level 7. HP: 49/49 MP: 0/0
     8 | D        | Learned a level 2 spell: Static Discharge
     8 | D        | Reached XP level 8. HP: 54/54 MP: 0/0
     8 | D        | Reached XP level 9. HP: 58/58 MP: 0/0
     8 | D        | Learned a level 3 spell: Confusing Touch
     8 | D        | Reached XP level 10. HP: 64/64 MP: 0/0
     8 | D        | Reached XP level 11. HP: 68/68 MP: 0/0
     8 | D        | Learned a level 4 spell: Iskenderun's Mystic Blast
     8 | D        | Noticed a bag of meat
     8 | D        | Noticed a meat berserker
     8 | D        | Noticed a meat berserker
     8 | D        | Noticed a meat berserker
     9 | D        | Killed a bag of meat
     9 | D        | Reached * piety under Makhleb
     9 | D        | Noticed a meat berserker
    10 | D        | Reached XP level 12. HP: 74/74 MP: 0/0
    10 | D        | Noticed a bag of meat
    10 | D        | Noticed a bag of meat
    11 | D        | Noticed a bag of meat
    11 | D        | Killed a meat berserker
    11 | D        | Noticed a bag of meat
    11 | D        | Noticed a bag of meat
    12 | D        | Reached XP level 13. HP: 78/78 MP: 0/0
    12 | D        | Learned a level 5 spell: Fireball
    12 | D        | Noticed a bag of meat
    12 | D        | Noticed a meat berserker
    12 | D        | Killed a bag of meat
    12 | D        | Killed a meat berserker
    12 | D        | Reached ** piety under Makhleb
    12 | D        | Noticed a bag of meat
    12 | D        | Noticed a bag of meat
    13 | D        | Reached XP level 14. HP: 85/85 MP: 0/0
    13 | D        | Noticed a bag of meat
    13 | D        | Noticed a bag of meat
    13 | D        | Noticed a meat berserker
    13 | D        | Killed a bag of meat
    13 | D        | Noticed a bag of meat
    13 | D        | Noticed a bag of meat
    14 | D        | Reached XP level 15. HP: 85/89 MP: 0/0
    14 | D        | Learned a level 6 spell: Plasma Beam
    14 | D        | Reached *** piety under Makhleb
    14 | D        | Noticed a meat berserker
    15 | D        | Killed a meat berserker
    15 | D        | Reached **** piety under Makhleb
    16 | D        | Reached skill level 27 in Spellcasting
    16 | D        | Reached skill level 27 in Conjurations
    16 | D        | Reached skill level 27 in Hexes
    16 | D        | Reached skill level 27 in Summonings
    16 | D        | Reached skill level 27 in Necromancy
    16 | D        | Reached skill level 27 in Translocations
    16 | D        | Reached skill level 27 in Transmutations
    16 | D        | Reached skill level 27 in Fire Magic
    16 | D        | Reached skill level 27 in Ice Magic
    16 | D        | Reached skill level 27 in Air Magic
    16 | D        | Reached skill level 27 in Earth Magic
    16 | D        | Reached skill level 27 in Poison Magic
    16 | D        | Reached skill level 5 in Fighting
    16 | D        | Reached skill level 5 in Dodging
    16 | D        | Reached XP level 16. HP: 73/103 MP: 0/0
    16 | D        | Noticed a large bag of meat
    16 | D        | Killed a meat berserker
    16 | D        | Reached ***** piety under Makhleb
    17 | D        | Reached XP level 17. HP: 114/128 MP: 0/0
    17 | D        | Learned a level 7 spell: Malign Gateway
    17 | D        | Noticed a meat berserker
    17 | D        | Noticed a meat berserker
    18 | D        | Reached skill level 5 in Armour
    18 | D        | Killed a meat berserker
    18 | D        | Noticed a meat berserker
    19 | D        | Reached skill level 27 in Axes
    19 | D        | Reached XP level 18. HP: 134/148 MP: 0/0
    19 | D        | Killed a meat berserker
    19 | D        | Noticed a destroyer
    20 | D        | Noticed a destroyer
    20 | D        | Killed a meat berserker
    20 | D        | Noticed a destroyer
    21 | D        | Reached XP level 19. HP: 169/169 MP: 0/0
    21 | D        | Learned a level 6 spell: Dispersal
    21 | D        | Killed a meat berserker
    21 | D        | Reached ****** piety under Makhleb
    21 | D        | Noticed a meat berserker
    22 | D        | Reached skill level 27 in Fighting
    22 | D        | Reached skill level 27 in Dodging
    22 | D        | Noticed a meat berserker
    22 | D        | Killed a meat berserker
    22 | D        | Noticed a destroyer
    22 | D        | Noticed a meat berserker
    22 | D        | Noticed a meat berserker
    23 | D        | Noticed a meat berserker
    24 | D        | Reached XP level 20. HP: 181/181 MP: 0/0
    24 | D        | Killed a destroyer
    24 | D        | Killed a large bag of meat
    24 | D        | Killed a meat berserker
    24 | D        | Noticed a meat berserker
    24 | D        | Noticed a meat berserker
    25 | D        | Reached skill level 27 in Armour
    25 | D        | Reached XP level 21. HP: 175/187 MP: 0/0
    25 | D        | Learned a level 7 spell: Summon Hydra
    25 | D        | Killed a meat berserker
    25 | D        | Noticed a meat berserker
    25 | D        | Noticed a meat berserker
    26 | D        | Killed a destroyer
    27 | D        | Reached skill level 27 in Throwing
    28 | D        | Reached skill level 10 in Stealth
    28 | D        | Killed a meat berserker
    28 | D        | Killed a meat berserker
    29 | D        | Reached skill level 15 in Unarmed Combat
    29 | D        | Reached XP level 22. HP: 194/194 MP: 0/0
    29 | D        | Noticed an eight-headed meat hydra
    29 | D        | Killed a destroyer
    29 | D        | Noticed a meat berserker
    30 | D        | Reached skill level 15 in Maces & Flails
    30 | D        | Reached skill level 15 in Polearms
    31 | D        | Killed a destroyer
    31 | D        | Noticed a destroyer
    32 | D        | Reached XP level 23. HP: 201/201 MP: 0/0
    32 | D        | Learned a level 8 spell: Borgnjor's Revivification
    32 | D        | Noticed a large bag of meat
    34 | D        | Killed a destroyer
    35 | D        | Reached XP level 24. HP: 208/208 MP: 0/0
    36 | D        | Reached skill level 27 in Unarmed Combat
    36 | D        | Noticed a destroyer
    38 | D        | Reached skill level 27 in Stealth
    38 | D        | Killed a destroyer
    39 | D        | Reached skill level 27 in Maces & Flails
    39 | D        | Reached skill level 27 in Polearms
    39 | D        | Reached XP level 25. HP: 214/214 MP: 0/0
    39 | D        | Learned a level 8 spell: Ignition
    39 | D        | Noticed a destroyer
    43 | D        | Reached XP level 26. HP: 221/221 MP: 0/0
    43 | D        | Killed a large bag of meat
    44 | D        | Killed a destroyer
    44 | D        | Noticed a destroyer
    45 | D        | Reached skill level 27 in Staves
    45 | D        | Reached skill level 27 in Invocations
    45 | D        | Reached skill level 5 in Ranged Weapons
    45 | D        | Reached skill level 5 in Shapeshifting
    45 | D        | Noticed a tyrant
    46 | D        | Noticed a destroyer
    47 | D        | Reached skill level 10 in Short Blades
    47 | D        | Reached skill level 10 in Long Blades
    47 | D        | Reached skill level 10 in Shields
    47 | D        | Reached skill level 10 in Evocations
    47 | D        | Noticed a large bag of meat
    48 | D        | Reached skill level 10 in Ranged Weapons
    48 | D        | Reached skill level 10 in Shapeshifting
    49 | D        | Reached XP level 27. HP: 225/228 MP: 0/0
    49 | D        | Learned a level 9 spell: Dragon's Call
    51 | D        | Reached skill level 15 in Shields
    51 | D        | Reached skill level 15 in Evocations
    52 | D        | Reached skill level 15 in Short Blades
    52 | D        | Reached skill level 15 in Long Blades
    52 | D        | Killed a tyrant
    53 | D        | Killed a destroyer
    54 | D        | Killed a large bag of meat
    55 | D        | Killed a destroyer
    55 | D        | Noticed an accursed
    56 | D        | Killed an accursed
    56 | D        | Noticed an accursed
    56 | D        | Noticed The Servant
    57 | D        | Reached skill level 27 in Shields
    57 | D        | Reached skill level 27 in Evocations
    57 | D        | Noticed a tyrant
    57 | D        | Killed a tyrant
    57 | D        | Killed an accursed
    57 | D        | Noticed a large bag of meat
    58 | D        | Reached skill level 27 in Short Blades
    58 | D        | Reached skill level 27 in Long Blades
    58 | D        | Reached skill level 27 in Ranged Weapons
    58 | D        | Reached skill level 27 in Shapeshifting
    58 | D        | Killed a large bag of meat
    58 | D        | Killed The Servant
    58 | D        | Noticed a destroyer
    59 | D        | Killed a destroyer
    60 | D        | Noticed a destroyer
    61 | D        | Killed a destroyer
    61 | D        | Noticed a tyrant
    62 | D        | Killed a tyrant
    62 | D        | Noticed a large bag of meat
    62 | D        | Noticed a destroyer
    63 | D        | Noticed a meat beast
    63 | D        | Killed a destroyer
    63 | D        | Killed a large bag of meat
    63 | D        | Killed a meat beast
    64 | D        | Noticed a destroyer
    65 | D        | Killed a destroyer
    66 | D        | Noticed a dread
    67 | D        | Killed a dread
    71 | D        | Noticed a meat beast
    72 | D        | Killed a meat beast
    73 | D        | Noticed an accursed
    74 | D        | Killed an accursed
    78 | D        | Noticed a dread
    79 | D        | Killed a dread
    87 | D        | Noticed a large bag of meat
    88 | D        | Killed a large bag of meat
    90 | D        | Noticed a large bag of meat
    91 | D        | Killed a large bag of meat
    91 | D        | Noticed a meat beast
    92 | D        | Killed a meat beast
    93 | D        | Noticed a dread
    94 | D        | Killed a dread
    96 | D        | Noticed a meat beast
    97 | D        | Killed a meat beast
   101 | D        | Noticed a destroyer
   101 | D        | Noticed a tyrant
   102 | D        | Killed a tyrant
   102 | D        | Killed a destroyer
   107 | D        | Noticed a meat beast
   108 | D        | Killed a meat beast
   108 | D        | Noticed a tyrant
   109 | D        | Killed a tyrant
   109 | D        | Noticed an accursed
   110 | D        | Killed an accursed
   116 | D        | Noticed a fleshlord
   116 | D        | Killed a fleshlord
   116 | D        | Noticed a meat beast
   117 | D        | Killed a meat beast
   117 | D        | Noticed an accursed
   118 | D        | Killed an accursed
   118 | D        | Noticed a dread
   119 | D        | Noticed a fleshlord
   119 | D        | Killed a dread
   119 | D        | Killed a fleshlord
   120 | D        | Noticed a fleshlord
   120 | D        | Killed a fleshlord
   120 | D        | Noticed a tyrant
   121 | D        | Killed a tyrant
   121 | D        | Noticed a large bag of meat
   122 | D        | Killed a large bag of meat
   125 | D        | Noticed a dread
   126 | D        | Noticed a fleshlord
   126 | D        | Noticed a fleshlord
   126 | D        | Killed a fleshlord
   126 | D        | Killed a fleshlord
   126 | D        | Killed a dread
   128 | D        | Noticed a fleshlord
   128 | D        | Noticed a fleshlord
   128 | D        | Killed a fleshlord
   128 | D        | Killed a fleshlord
   128 | D        | Noticed a fleshlord
   129 | D        | Killed a fleshlord
   136 | D        | Noticed a fleshlord
   137 | D        | Killed a fleshlord
   137 | D        | Noticed a fleshlord
   138 | D        | Killed a fleshlord
   139 | D        | Noticed a destroyer
   139 | D        | Killed a destroyer
   140 | D        | Noticed a destroyer
   140 | D        | Killed a destroyer
   140 | D        | Noticed a large bag of meat
   141 | D        | Killed a large bag of meat
   143 | D        | Noticed a destroyer
   144 | D        | Killed a destroyer
   145 | D        | Noticed a meat beast
   146 | D        | Killed a meat beast
   146 | D        | Noticed a dread
   147 | D        | Killed a dread
   153 | D        | Noticed a fleshlord
   154 | D        | Killed a fleshlord
   155 | D        | Noticed a large bag of meat
   155 | D        | Noticed a destroyer
   156 | D        | Noticed a destroyer
   156 | D        | Killed a destroyer
   156 | D        | Killed a large bag of meat
   156 | D        | Killed a destroyer
   156 | D        | Noticed a fleshlord
   157 | D        | Killed a fleshlord
   158 | D        | Noticed a destroyer
   159 | D        | Killed a destroyer
   159 | D        | Noticed a meat beast
   160 | D        | Killed a meat beast
   161 | D        | Noticed a destroyer
   161 | D        | Noticed a tyrant
   162 | D        | Killed a destroyer
   162 | D        | Killed a tyrant
   162 | D        | Noticed a meat beast
   163 | D        | Killed a meat beast
   165 | D        | Noticed a fleshlord
   165 | D        | Noticed a fleshlord
   165 | D        | Noticed a dread
   166 | D        | Killed a fleshlord
   166 | D        | Killed a fleshlord
   166 | D        | Killed a dread
   167 | D        | Noticed a dread
   168 | D        | Killed a dread
   170 | D        | Noticed a dread
   171 | D        | Killed a dread
   171 | D        | Noticed a large bag of meat
   172 | D        | Killed a large bag of meat
   173 | D        | Noticed an accursed
   174 | D        | Killed an accursed
   175 | D        | Noticed a meat beast
   175 | D        | Noticed a large bag of meat
   176 | D        | Killed a large bag of meat
   176 | D        | Noticed a tyrant
   176 | D        | Noticed a meat beast
   177 | D        | Killed a tyrant
   177 | D        | Killed a meat beast
   177 | D        | Killed a meat beast
   177 | D        | Noticed a fleshlord
   177 | D        | Noticed a destroyer
   178 | D        | Killed a destroyer
   178 | D        | Killed a fleshlord
   178 | D        | Noticed an accursed
   179 | D        | Noticed a dread
   179 | D        | Killed an accursed
   179 | D        | Noticed a dread
   180 | D        | Killed a dread
   180 | D        | Killed a dread
   180 | D        | Noticed an accursed
   181 | D        | Killed an accursed
   181 | D        | Noticed a destroyer
   182 | D        | Killed a destroyer
   182 | D        | Noticed a large bag of meat
   182 | D        | Noticed a fleshlord
   183 | D        | Noticed a fleshlord
   183 | D        | Noticed a destroyer
   184 | D        | Killed a fleshlord
   184 | D        | Killed a fleshlord
   184 | D        | Noticed a meat beast
   185 | D        | Killed a destroyer
   185 | D        | Killed a large bag of meat
   185 | D        | Killed a meat beast
   186 | D        | Noticed a destroyer
   186 | D        | Noticed a fleshlord
   186 | D        | Noticed an accursed
   187 | D        | Noticed a dread
   187 | D        | Killed an accursed
   187 | D        | Killed a fleshlord
   187 | D        | Killed a dread
   187 | D        | Killed a destroyer
   189 | D        | Noticed a dread
   190 | D        | Killed a dread
   191 | D        | Noticed a dread
   191 | D        | Noticed a fleshlord
   191 | D        | Noticed a tyrant
   192 | D        | Killed a dread
   192 | D        | Killed a fleshlord
   192 | D        | Noticed a dread
   193 | D        | Noticed a dread
   193 | D        | Killed a dread
   193 | D        | Killed a tyrant
   193 | D        | Killed a dread
   193 | D        | Noticed a fleshlord
   194 | D        | Killed a fleshlord
   194 | D        | Noticed a dread
   195 | D        | Noticed a dread
   196 | D        | Killed a dread
   196 | D        | Killed a dread
   197 | D        | Noticed a fleshlord
   197 | D        | Noticed a fleshlord
   198 | D        | Killed a fleshlord
   198 | D        | Killed a fleshlord
   198 | D        | Noticed a tyrant
   199 | D        | Noticed a destroyer
   199 | D        | Killed a destroyer
   199 | D        | Killed a tyrant
   199 | D        | Noticed a large bag of meat
   200 | D        | Noticed an accursed
   201 | D        | Killed an accursed
   201 | D        | Killed a large bag of meat
   201 | D        | Noticed a fleshlord
   202 | D        | Killed a fleshlord
   202 | D        | Noticed a dread
   203 | D        | Killed a dread
   204 | D        | Noticed a dread
   204 | D        | Noticed a dread
   204 | D        | Noticed a dread
   205 | D        | Noticed a vile
   205 | D        | Killed a dread
   205 | D        | Killed a vile
   205 | D        | Killed a dread
   206 | D        | Killed a dread
   207 | D        | Noticed a fleshlord
   208 | D        | Killed a fleshlord
   208 | D        | Noticed a fleshlord
   208 | D        | Noticed a dread
   209 | D        | Noticed a vile
   209 | D        | Killed a fleshlord
   209 | D        | Killed a vile
   209 | D        | Killed a dread
   210 | D        | Noticed an accursed
   211 | D        | Killed an accursed
   212 | D        | Noticed a fleshlord
   213 | D        | Noticed a vile
   213 | D        | Killed a vile
   213 | D        | Killed a fleshlord
   214 | D        | Noticed a dread
   214 | D        | Noticed a meat beast
   215 | D        | Killed a meat beast
   215 | D        | Killed a dread
   215 | D        | Noticed a vile
   216 | D        | Noticed a vile
   216 | D        | Killed a vile
   216 | D        | Killed a vile
   217 | D        | Noticed a destroyer
   218 | D        | Noticed a vile
   218 | D        | Noticed a dread
   218 | D        | Killed a dread
   218 | D        | Killed a vile
   218 | D        | Noticed a vile
   218 | D        | Noticed a fleshlord
   218 | D        | Noticed a dread
   219 | D        | Killed a fleshlord
   219 | D        | Killed a dread
   219 | D        | Killed a vile
   219 | D        | Noticed a fleshlord
   219 | D        | Noticed a dread
   219 | D        | Noticed a dread
   220 | D        | Killed a destroyer
   220 | D        | Killed a dread
   220 | D        | Noticed a vile
   221 | D        | Killed a dread
   221 | D        | Killed a vile
   221 | D        | Killed a fleshlord
   222 | D        | Noticed a fleshlord
   223 | D        | Killed a fleshlord
   223 | D        | Noticed a fleshlord
   223 | D        | Noticed a meat beast
   224 | D        | Noticed a vile
   224 | D        | Killed a vile
   224 | D        | Killed a meat beast
   224 | D        | Killed a fleshlord
   225 | D        | Noticed a vile
   226 | D        | Killed a vile
   229 | D        | Noticed a vile
   229 | D        | Killed a vile
   229 | D        | Noticed a meat beast
   229 | D        | Noticed an accursed
   230 | D        | Killed an accursed
   230 | D        | Killed a meat beast
   230 | D        | Noticed a dread
   231 | D        | Killed a dread
   231 | D        | Noticed a vile
   232 | D        | Killed a vile
   234 | D        | Noticed an accursed
   235 | D        | Noticed a destroyer
   235 | D        | Killed an accursed
   235 | D        | Killed a destroyer
   236 | D        | Noticed a fleshlord
   237 | D        | Killed a fleshlord
   237 | D        | Noticed a fleshlord
   237 | D        | Noticed a dread
   238 | D        | Killed a fleshlord
   238 | D        | Killed a dread
   238 | D        | Noticed a dread
   239 | D        | Killed a dread
   239 | D        | Noticed a fleshlord
   240 | D        | Killed a fleshlord
   242 | D        | Noticed a vile
   242 | D        | Noticed a fleshlord
   243 | D        | Killed a vile
   243 | D        | Killed a fleshlord
   244 | D        | Noticed a fleshlord
   244 | D        | Killed a fleshlord
   244 | D        | Noticed a fleshlord
   244 | D        | Noticed a vile
   244 | D        | Noticed a destroyer
   245 | D        | Killed a destroyer
   245 | D        | Killed a fleshlord
   245 | D        | Killed a vile
   247 | D        | Noticed a vile
   248 | D        | Noticed a fleshlord
   248 | D        | Killed a fleshlord
   248 | D        | Killed a vile
   248 | D        | Noticed a vile
   249 | D        | Killed a vile
   250 | D        | Noticed a dread
   251 | D        | Killed a dread
   252 | D        | Noticed a vile
   252 | D        | Killed a vile
   254 | D        | Noticed an accursed
   255 | D        | Killed an accursed
   256 | D        | Noticed a dread
   256 | D        | Noticed a fleshlord
   257 | D        | Killed a fleshlord
   257 | D        | Noticed a tyrant
   258 | D        | Noticed a vile
   258 | D        | Killed a vile
   258 | D        | Killed a dread
   258 | D        | Killed a tyrant
   259 | D        | Noticed a vile
   260 | D        | Killed a vile
   261 | D        | Noticed a dread
   262 | D        | Killed a dread
   264 | D        | Noticed a vile
   264 | D        | Noticed a fleshlord
   264 | D        | Noticed a vile
   265 | D        | Killed a vile
   265 | D        | Killed a vile
   265 | D        | Noticed a vile
   265 | D        | Noticed a tyrant
   266 | D        | Killed a fleshlord
   266 | D        | Killed a tyrant
   266 | D        | Killed a vile
   268 | D        | Noticed a vile
   268 | D        | Killed a vile
   268 | D        | Noticed a vile
   268 | D        | Noticed a fleshlord
   269 | D        | Killed a vile
   269 | D        | Killed a fleshlord
   269 | D        | Noticed a meat beast
   270 | D        | Noticed a vile
   270 | D        | Killed a vile
   271 | D        | Noticed a vile
   271 | D        | Noticed a dread
   271 | D        | Noticed a fleshlord
   271 | D        | Noticed a tyrant
   271 | D        | Noticed a dread
   272 | D        | Killed a dread
   272 | D        | Killed a tyrant
   272 | D        | Noticed a vile
   273 | D        | Killed a vile
   273 | D        | Killed a vile
   273 | D        | Noticed a vile
   273 | D        | Noticed a fleshlord
   274 | D        | Killed a dread
   274 | D        | Killed a fleshlord
   274 | D        | Noticed a vile
   274 | D        | Noticed a vile
   275 | D        | Noticed a fleshlord
   275 | D        | Noticed a vile
   276 | D        | Noticed a vile
   277 | D        | Killed a vile
   277 | D        | Killed a vile
   277 | D        | Killed a vile
   277 | D        | Killed a vile
   277 | D        | Noticed a vile
   277 | D        | Noticed a vile
   278 | D        | Killed a vile
   278 | D        | Killed a fleshlord
   278 | D        | Killed a vile
   278 | D        | Noticed a vile
   278 | D        | Noticed a vile
   278 | D        | Noticed a vile
   278 | D        | Noticed a vile
   279 | D        | Noticed a vile
   279 | D        | Noticed a vile
   279 | D        | Noticed a vile
   279 | D        | Noticed a vile
   279 | D        | Noticed a vile
   280 | D        | Killed a vile
   280 | D        | Noticed a tyrant
   280 | D        | Noticed a fleshlord
   280 | D        | Noticed a vile
   280 | D        | Noticed a destroyer
   280 | D        | Killed from afar by a vile

Illustrated notes

Levels and vault maps discovered:
D:        meatsprint

Skill      XL: |  1  2  3  4  5  6  7  8  9 10 11 12 13 14 15 16 17 18 19 20 21 22 23 24 25 26 27 |
---------------+----------------------------------------------------------------------------------+-----
Axes           | 21 24 26 27 | 27.0
Spellcasting   | 14 20 21 27 | 27.0
Conjurations   | 14 20 21 27 | 27.0
Hexes          | 14 20 21 27 | 27.0
Summonings     | 14 20 21 27 | 27.0
Necromancy     | 14 20 21 27 | 27.0
Translocations | 14 20 21 27 | 27.0
Transmutations | 14 20 21 27 | 27.0
Fire Magic     | 14 20 21 27 | 27.0
Ice Magic      | 14 20 21 27 | 27.0
Air Magic      | 14 20 21 27 | 27.0
Earth Magic    | 14 20 21 27 | 27.0
Poison Magic   | 14 20 21 27 | 27.0
Fighting       | 5 13 19 25 27 | 27.0
Armour         | 2 4 7 9 24 27 | 27.0
Dodging        | 5 13 18 25 27 | 27.0
Throwing       | 21 27 | 27.0
Maces & Flails | 13 18 21 27 | 27.0
Polearms       | 13 18 21 27 | 27.0
Stealth        | 14 19 23 27 | 27.0
Unarmed Combat | 15 21 25 27 | 27.0
Staves         | 7 22 27 | 27.0
Invocations    | 7 24 27 | 27.0
Short Blades   | 12 27 | 27.0
Long Blades    | 12 27 | 27.0
Ranged Weapons | 11 27 | 27.0
Shields        | 13 27 | 27.0
Evocations     | 13 27 | 27.0
Shapeshifting  | 11 27 | 27.0

Action                     |  1- 3 |  4- 6 |  7- 9 | 10-12 | 13-15 | 16-18 | 19-21 | 22-24 | 25-27 || total
---------------------------+-------+-------+-------+-------+-------+-------+-------+-------+-------++-------
  Melee: Executioner's axe |     1 |       |       |     2 |     4 |     5 |     8 |    11 |   482 ||   513
   Cast: Vhi's Electric Ch |       |       |       |       |     3 |       |     3 |     1 |       ||     7
         Apportation       |       |       |       |       |       |       |       |     1 |     1 ||     2
         Manifold Assault  |       |       |       |       |       |       |       |     1 |   186 ||   187
         Dragon's Call     |       |       |       |       |       |       |       |       |     2 ||     2
    Use: Potion            |       |       |       |       |       |       |       |       |     3 ||     3
 Armour: Leather armour    |       |       |       |       |     1 |     1 |     1 |       |    28 ||    31
  Dodge: Dodged            |       |       |       |       |       |       |       |       |     2 ||     2

Table legend: (Time is in decaauts)
 A = Elapsed time spent in this place.
 B = Non-inter-level travel time spent in this place.
 C = Inter-level travel time spent in this place.
 D = Time resting spent in this place.
 E = Time spent auto-exploring this place.
 F = Levels seen in this place.
 G = Mean time per level.
                   A        B        C        D        E       F      G
               +--------+--------+--------+--------+--------+-----+--------+
         Total |    239 |    239 |      0 |      0 |      0 |   1 |  239.0 |
       Dungeon |    239 |    239 |      0 |      0 |      0 |   1 |  239.0 |
               +--------+--------+--------+--------+--------+-----+--------+

Top non-repeatable levels by time:
       D: 239 daAuts
